 Dungeon Crawl Stone Soup version 0.21-a0-404-g291f19a (webtiles) character file.

321 4thArraOfDagon the Chopper (level 6, -3/53 HPs)
             Began as a Hill Orc Enchanter on Oct 26, 2017.
             Was an Initiate of the Shining One.
             Slain by a centaur (5 damage)
             ... on level 5 of the Dungeon.
             The game lasted 00:09:46 (1744 turns).

4thArraOfDagon the Chopper (Hill Orc Enchanter)     Turns: 1744, Time: 00:09:47

Health: -3/53      AC:  8    Str: 16    XL:     6   Next: 46%
Magic:  8/8        EV: 11    Int: 17    God:    the Shining One [......]
Gold:   174        SH:  0    Dex: 14    Spells: 5/8 levels left

rFire    + . .     SeeInvis .   k - +1 hand axe
rCold    x . .     Gourm    .   (no shield)
rNeg     . . .     Faith    .   n - +0 ring mail
rPois    .         Spirit   .   g - +2 hat
rElec    .         Reflect  .   p - +0 cloak
rCorr    .         Harm     .   (no gloves)
MR       +....                  (no boots)
Stlth    +.........             s - amulet of magic regeneration
HPRegen  0.17/turn              o - ring of protection from magic
MPRegen  0.36/turn              t - ring of the Robin {Fire Dex+3}

@: mighty, glowing
A: no striking features
a: Renounce Religion


You were on level 5 of the Dungeon.
You worshipped the Shining One.
The Shining One was noncommittal.
You were not hungry.

You visited 1 branch of the dungeon, and saw 5 of its levels.

You collected 174 gold pieces.

Inventory:

Hand Weapons
 k - a +1 hand axe (weapon)
Armour
 g - a +2 hat (worn)
 n - a +0 ring mail (worn)
 p - a +0 cloak (worn)
Jewellery
 o - a ring of protection from magic (left hand)
 s - an amulet of magic regeneration (around neck)
 t - the ring of the Robin (right hand) {Fire Dex+3}
   (You found it on level 4 of the Dungeon)

   [ring of fire]

   It enhances your fire magic.
   It affects your dexterity (+3).
   It protects you from fire.
   It makes you vulnerable to cold.
Scrolls
 e - 2 scrolls of enchant armour
 j - a scroll of random uselessness
 m - 3 scrolls of amnesia
 r - a scroll of teleportation
Potions
 q - a potion of brilliance
Books
 c - a book of Maledictions

   Spells                             Type                      Level
   a - Corona                         Hexes                        1
   b - Ensorcelled Hibernation        Hexes/Ice                    2
   c - Confuse                        Hexes                        3
   d - Tukima's Dance                 Hexes                        3
   e - Dazzling Spray                 Conjuration/Hexes            3
Comestibles
 a - a chunk of flesh
 d - 2 bread rations
 l - 2 meat rations


   Skills:
 + Level 4.3 Fighting
   Level 1.0 Short Blades
 * Level 5.3 Axes
 + Level 1.4 Armour
 - Level 1.5 Dodging
 - Level 2.4 Stealth
 - Level 1.5 Spellcasting
 - Level 3.0 Hexes
 + Level 2.6 Invocations


You had 5 spell levels left.
You knew the following spells:

 Your Spells              Type           Power        Failure   Level  Hunger
a - Corona                Hex            ##.....      11%         1    ##.....
b - Ensorcelled Hibernat  Hex/Ice        #.....       30%         2    ###....


Dungeon Overview and Level Annotations

Branches:
Dungeon (5/15)             Temple (0/1) D:4

Altars:
Ashenzari
Vehumet
The Shining One

Annotations:
D:4 Sigmund


Message History

The centaur hits you but does no damage. x2
Unknown command.
You feel very mighty all of a sudden.
The centaur hits you but does no damage.
You slash the centaur!
The centaur is moderately wounded.
The centaur hits you.
* * * LOW HITPOINT WARNING * * *
The centaur hits you.
* * * LOW HITPOINT WARNING * * *
You hit the centaur.
The centaur is heavily wounded.
The centaur hits you.
* * * LOW HITPOINT WARNING * * *
You slash the centaur!
The centaur is almost dead.
The centaur hits you.
* * * LOW HITPOINT WARNING * * *
The centaur hits you.
You die...

..#..................#
..############.......#
.. ..#
#≈bb≈≈bP##.......# ...
..#
##≈≈≈.P###.......#..##
..#
#########..........#.
..# ........(.....#.
... ........(......#.
... ######+#(>.....##
#...@.........
#..c..........
#.............
#############.


You could see a centaur.

Vanquished Creatures
  A sky beast (D:5)
  A howler monkey (D:4)
  A crimson imp (D:4)
  A gnoll shaman (D:5)
  Jessica (D:3)
  A worker ant (D:5)
  3 gnolls
  An adder (D:2)
  2 leopard geckos
  2 orcs
  4 giant cockroaches
  3 goblins
  6 jackals
  3 kobolds
  6 bats
  5 frilled lizards
  A goblin skeleton (D:4)
  5 hobgoblin zombies (D:4)
  A kobold skeleton (D:4)
  An orc skeleton (D:4)
  3 orc zombies (D:4)
  A rat (D:3)
53 creatures vanquished.

Vanquished Creatures (others)
  2 fungi (D:5)
2 creatures vanquished.

Grand Total: 55 creatures vanquished

Notes
Turn   | Place    | Note
-------+----------+-------------------------------------------
     0 | D:1      | 4thArraOfDagon the Hill Orc Enchanter began the quest for the Orb.
     0 | D:1      | Reached XP level 1. HP: 14/14 MP: 3/3
    49 | D:1      | Reached skill level 1 in Fighting
   192 | D:2      | Reached XP level 2. HP: 21/24 MP: 2/4
   196 | D:2      | Learned a level 2 spell: Ensorcelled Hibernation
   266 | D:4      | Found a shattered altar of Ashenzari.
   276 | D:5      | Entered Level 5 of the Dungeon
   311 | D:4      | Found a radiant altar of Vehumet.
   331 | D:4      | Noticed Sigmund
   437 | D:4      | Noticed a scorpion
   695 | D:3      | Reached skill level 1 in Axes
   784 | D:3      | Noticed Jessica
   797 | D:3      | Killed Jessica
   797 | D:3      | Reached skill level 2 in Axes
   797 | D:3      | Reached XP level 3. HP: 31/31 MP: 5/5
   846 | D:2      | Reached XP level 4. HP: 21/38 MP: 6/6
   980 | D:2      | Reached skill level 3 in Axes
  1044 | D:4      | Found a staircase to the Ecumenical Temple.
  1235 | D:4      | Found a glowing golden altar of the Shining One.
  1245 | D:4      | Became a worshipper of the Shining One
  1270 | D:4      | Reached skill level 1 in Invocations
  1289 | D:4      | Got an ancient glass ring
  1292 | D:4      | Identified the ring of the Robin {Fire Dex+3} (You found it on level 4 of the Dungeon)
  1338 | D:5      | Noticed a sky beast
  1350 | D:4      | Reached XP level 5. HP: 38/45 MP: 7/7
  1450 | D:4      | Reached skill level 4 in Axes
  1526 | D:5      | Killed a sky beast
  1526 | D:5      | Reached skill level 1 in Armour
  1526 | D:5      | Reached XP level 6. HP: 17/52 MP: 8/8
  1644 | D:5      | Reached skill level 5 in Axes
  1744 | D:5      | HP: 2/53 [centaur (3)]
  1744 | D:5      | Slain by a centaur

Vault maps used:
D:1:      scummos_arrival_simple_fountains
D:2:      wad_crossroads
D:3:      first_bread, uniq_jessica, uniq_crazy_yiuf_cottage
D:4:      overflow_temple_1_default, ashenzari_conservatory_becter,
          minmay_temple_entry_statues_fountains, nicolae_tso_besieged_by_evil,
          uniq_sigmund
D:5:      serial_aquarium, aquarium_bridge_long_joined, aquarium_window_corner,
          aquarium_window_1, aquarium_window_2, aquarium_view_2g,
          aquarium_view_2d, aquarium_balcony_5b, aquarium_pool_2

Skill      XL: |  1  2  3  4  5  6 |
---------------+-------------------+-----
Fighting       | 2 3 4 |  4.3
Axes           | 2 3 4 5 |  5.3
Invocations    | 1 2 |  2.6
Armour         | 1 |  1.4
Short Blades   | |  1.0
Dodging        | |  1.5
Stealth        | |  2.4
Spellcasting   | |  1.5
Hexes          | |  3.0

Action                   |  1- 3 |  4- 6 || total
-------------------------+-------+-------++-------
Melee: Dagger            |    27 |       ||    27
       Mace              |    30 |    24 ||    54
       Hand axe          |       |    86 ||    86
 Cast: Corona            |    11 |       ||    11
       Ensorcelled Hiber |     3 |       ||     3
  Use: Scroll            |     8 |     5 ||    13
       Potion            |       |     2 ||     2
 Stab: Sleeping          |     3 |       ||     3
  Eat: Chunk             |       |     4 ||     4
Armor: Robe              |    10 |       ||    10
       Ring mail         |    15 |    78 ||    93
Dodge: Dodged            |    42 |    80 ||   122

Table legend:
 A = Spawn XP
 B = Non-spawn XP
 C = Spawn XP percentage of total XP
 D = Spawn monster count
 E = Non-spawn monster count
 F = Spawn count percentage of total count
 G = Total turns spent on level
                    A         B        C        D         E        F      G
               +---------+---------+-------+---------+---------+-------+---------
         Total |       0 |     459 |   0.0 |       0 |      53 |   0.0 |  1744
               +---------+---------+-------+---------+---------+-------+---------
           D:1 |       0 |       8 |   0.0 |       0 |       5 |   0.0 |   105
           D:2 |       0 |      30 |   0.0 |       0 |      11 |   0.0 |   280
           D:3 |       0 |      55 |   0.0 |       0 |      11 |   0.0 |   463
           D:4 |       0 |     135 |   0.0 |       0 |      18 |   0.0 |   707
           D:5 |       0 |     231 |   0.0 |       0 |       8 |   0.0 |   189
               +---------+---------+-------+---------+---------+-------+---------
